 Dungeon Crawl Stone Soup version 0.21.1-1-g345015f (webtiles) character file.

44531 Monsterracer the Destroyer (level 13, -9/59 HPs)
             Began as a Felid Ice Elementalist on Feb 9, 2018.
             Was a High Priest of Vehumet.
             Mangled by an anaconda (12 damage)
             ... on level 2 of the Snake Pit on Feb 10, 2018.
             The game lasted 02:10:51 (39189 turns).

Monsterracer the Destroyer (FeIE)                  Turns: 39189, Time: 02:10:52

Health: -9/59      AC:  6    Str:  4    XL:     13   Next: 96%
Magic:  1/29       EV: 26    Int: 21    God:    Vehumet [*****.]
Gold:   2630       SH:  0    Dex: 17    Spells: 2/34 levels left
                                        Lives:  0   Deaths: 4

rFire    x . .     SeeInvis +   (weapon unavailable)
rCold    + + .     Gourm    .   (shield unavailable)
rNeg     . . .     Faith    .   (armour unavailable)
rPois    .         Spirit   .   (helmet unavailable)
rElec    .         Reflect  .   (cloak unavailable)
rCorr    .         Harm     .   (gloves unavailable)
MR       +....                  (boots unavailable)
Stlth    ++++++....             l - amulet of magic regeneration
HPRegen  0.19/turn              k - +3 ring of protection
MPRegen  0.46/turn              D - ring of ice

@: constricted, quick
A: very small, no armour, no weapons or thrown items, stealth, claws 1, fangs 3,
see invisible, carnivore, speed 1, shaggy fur 3, slow metabolism 1, sharp paws
a: Renounce Religion


You were on level 2 of the Snake Pit.
You worshipped Vehumet.
Vehumet was extremely pleased with you.
You were not hungry.

You visited 4 branches of the dungeon, and saw 25 of its levels.
You also visited: Sewer and Ice Cave.

You collected 2696 gold pieces.
You spent 66 gold pieces at shops.

Inventory:

Jewellery
 d - an uncursed ring of protection from cold {!d}
 k - a +3 ring of protection (left paw)
 l - an amulet of magic regeneration (around neck)
 m - an uncursed ring of flight
 v - an uncursed ring of magical power
 w - an uncursed ring of fire
 D - a ring of ice (right paw)
 K - an uncursed ring of protection from magic {!d}
 M - a +2 ring of protection
Wands
 p - a wand of acid (12)
 y - a wand of disintegration (13)
 A - a wand of flame (25)
 B - a wand of digging (26)
 C - a wand of iceblast (26)
 I - a wand of enslavement (24)
 O - a wand of clouds (7)
Scrolls
 g - 7 scrolls of remove curse
 i - 7 scrolls of magic mapping {!r}
 x - 4 scrolls of fog
 E - 10 scrolls of teleportation
 H - 5 scrolls of identify
 J - 3 scrolls of blinking
 N - a scroll of amnesia
Potions
 a - a potion of magic
 e - 9 potions of flight
 f - 2 potions of ambrosia {!q}
 h - 6 potions of heal wounds
 j - 3 potions of agility
 n - 4 potions of haste
 o - 12 potions of curing
 q - 4 potions of invisibility
 r - 3 potions of brilliance
 t - 2 potions of lignification
 u - a potion of berserk rage {!q}
 z - 4 potions of resistance
 F - a potion of might
Books
 b - a book of Power

   Spells                             Type                      Level
   a - Iskenderun's Battlesphere      Conjuration/Charms           5
   b - Venom Bolt                     Conjuration/Poison           5
   c - Bolt of Magma                  Conjuration/Fire/Earth       5
   d - Iron Shot                      Conjuration/Earth            6
   e - Orb of Destruction             Conjuration                  7
   f - Spellforged Servitor           Conjuration/Summoning        7
 s - a book of Air

   Spells                             Type                      Level
   a - Shock                          Conjuration/Air              1
   b - Swiftness                      Charms/Air                   2
   c - Static Discharge               Conjuration/Air              3
   d - Airstrike                      Air                          4
   e - Lightning Bolt                 Conjuration/Air              5
 G - a book of Flames

   Spells                             Type                      Level
   a - Flame Tongue                   Conjuration/Fire             1
   b - Throw Flame                    Conjuration/Fire             2
   c - Conjure Flame                  Conjuration/Fire             3
   d - Inner Flame                    Hexes/Fire                   3
   e - Sticky Flame                   Conjuration/Fire             4
   f - Fireball                       Conjuration/Fire             5
 L - a book of Clouds

   Spells                             Type                      Level
   a - Poisonous Vapours              Poison/Air                   2
   b - Mephitic Cloud                 Conjuration/Poison/Air       3
   c - Conjure Flame                  Conjuration/Fire             3
   d - Freezing Cloud                 Conjuration/Ice/Air          6
   e - Ring of Flames                 Charms/Fire                  7
Comestibles
 c - 41 rations


   Skills:
 + Level 8.6 Fighting
 + Level 13.1 Dodging
 + Level 12.6 Stealth
 + Level 11.1 Spellcasting
 * Level 13.3 Conjurations
 - Level 7.5 Charms
 - Level 4.0 Translocations
 - Level 5.0 Transmutations
 - Level 3.0 Fire Magic
 + Level 10.1 Ice Magic
 - Level 5.0 Air Magic


You had 2 spell levels left.
You knew the following spells:

 Your Spells              Type           Power        Failure   Level  Hunger
a - Freeze                Ice            ####         1%          1    None
b - Bolt of Cold          Conj/Ice       #######...   1%          6    ######.
c - Ozocubu's Armour      Chrm/Ice       ######..     1%          3    None
d - Throw Icicle          Conj/Ice       #######.     1%          4    #......
e - Blink                 Tloc           N/A          1%          2    None
f - Irradiate             Conj/Tmut      ######....   1%          5    ####...
g - Conjure Flame         Conj/Fire      #####...     1%          3    None
h - Mephitic Cloud        Conj/Pois/Air  #####...     1%          3    None
i - Swiftness             Chrm/Air       #####...     1%          2    None
j - Regeneration          Chrm/Necr      ####......   3%          3    None


Dungeon Overview and Level Annotations

Branches:
Dungeon (15/15)            Temple (0/1) D:6            Lair (6/6) D:8
 Shoals (0/4) Lair:3        Snake (2/4) Lair:3        Slime (0/5) Lair:5
    Orc (2/2) D:11            Elf (0/3) Orc:2        Vaults (0/5) D:13
 Depths: D:15

Altars:
Ashenzari
Cheibriados
Dithmenos
Gozag
Makhleb
Nemelex Xobeh
Ru
Sif Muna
Uskayaw
Vehumet
Wu Jian
The Shining One
Beogh

Shops:
D:13 *   Orc:2 ?(

Annotations:
Orc:2 Saint Roka


Innate Abilities, Weirdness & Mutations

You cannot wear armour.
You are incapable of wielding weapons or throwing items.
Your paws allow you to move quietly. (Stealth)
You have sharp claws.
You have razor-sharp teeth.
You have supernaturally acute eyesight. (SInv)
You are carnivorous and can eat meat at any time.
You cover ground quickly.
Your thick and shaggy fur keeps you warm. (AC +3, rC+)
You have a slow metabolism.
Your sharp claws are effective at attacking unaware monsters.


Message History

You escape the anaconda's grasp.
The anaconda is no longer moving slowly.
The anaconda misses you. The anaconda completely misses you.
Found a stone staircase leading down.
You see here a naga corpse.
The anaconda misses you. The anaconda completely misses you.
Your icy armour starts to melt.
The anaconda barely misses you. The anaconda bites you.
You take 2 damage, and have 34/59 hp.
The anaconda grabs you.
The anaconda bites you but does no damage.
The anaconda constricts you.
You take 3 damage, and have 31/59 hp.
You escape the anaconda's grasp.
The anaconda grabs you. The anaconda completely misses you.
The anaconda constricts you.
There is a stone staircase leading down here.
Casting: Freeze
Confirm with . or Enter, or press ? or * to list all spells.
Aiming: Throw Icicle
Press: ? - help, Shift-Dir - straight line, f/p - anaconda
Aim: an anaconda (heavily wounded, constricting you)
You feel a surge of power!
The shard of ice hits the anaconda.
The anaconda is severely wounded.
Your icy armour evaporates.
The anaconda misses you.
* * * LOW HITPOINT WARNING * * *
The anaconda constricts you.
You take 3 damage, and have 28/59 hp.
You now have 1/29 mp.
You escape the anaconda's grasp.
The anaconda completely misses you. The anaconda misses you.
The anaconda misses you. The anaconda closely misses you.
Found 26 gold pieces.
The anaconda misses you. The anaconda completely misses you.
The anaconda grabs you. The anaconda completely misses you.
* * * LOW HITPOINT WARNING * * *
The anaconda constricts you.
You take 2 damage, and have 28/59 hp.
Casting: Throw Icicle
Confirm with . or Enter, or press ? or * to list all spells.
Aiming: Throw Icicle
Press: ? - help, Shift-Dir - straight line, f/p - anaconda
Aim: an anaconda (severely wounded, constricting you)
Okay, then.
You escape the anaconda's grasp.
Casting: Throw Icicle
Confirm with . or Enter, or press ? or * to list all spells.
Aiming: Throw Icicle
Press: ? - help, Shift-Dir - straight line, f/p - anaconda
Aim: an anaconda (severely wounded)
You feel a surge of power!
The shard of ice hits the anaconda.
The anaconda is almost dead.
The anaconda grabs you. The anaconda completely misses you.
* * * LOW HITPOINT WARNING * * *
The anaconda constricts you. The anaconda bites you!
* * * LOW HITPOINT WARNING * * *
* * * LOW HITPOINT WARNING * * *
The anaconda constricts you.
You take 15 damage, and have 13/59 hp.
MASSIVE DAMAGE!!
You now have 1/29 mp.
Press: ? - help, v - describe, . - travel
Here: an anaconda (severely wounded, constricting you)
The floor.
The anaconda's grasp on you weakens, but your attempt to escape fails.
The anaconda bites you but does no damage.
* * * LOW HITPOINT WARNING * * *
The anaconda constricts you.
You take 2 damage, and have 11/59 hp.
Unknown command.
You escape the anaconda's grasp.
The anaconda grabs you. The anaconda misses you.
* * * LOW HITPOINT WARNING * * *
The anaconda constricts you.
You take 3 damage, and have 9/59 hp.
You escape the anaconda's grasp.
Evoke which item? (* to show all) (? for menu, Esc to quit)
Aiming: Corrosive Bolt
Press: ? - help, Shift-Dir - straight line, f/p - anaconda
Aim: an anaconda (severely wounded)
The bolt of acid misses the anaconda.
The anaconda misses you. The anaconda closely misses you.
The anaconda completely misses you. The anaconda bites you.
* * * LOW HITPOINT WARNING * * *
You take 2 damage, and have 7/59 hp.
The anaconda grabs you. The anaconda misses you.
* * * LOW HITPOINT WARNING * * *
The anaconda constricts you.
You take 2 damage, and have 5/59 hp.
Casting: Throw Icicle
Confirm with . or Enter, or press ? or * to list all spells.
Aiming: Throw Icicle
Press: ? - help, Shift-Dir - straight line, f/p - anaconda
Aim: an anaconda (severely wounded, constricting you)
You feel a surge of power!
The shard of ice misses the anaconda.
The anaconda closely misses you.
* * * LOW HITPOINT WARNING * * *
The anaconda constricts you.
You take 2 damage, and have 3/59 hp.
You now have 0/29 mp.
You escape the anaconda's grasp.
The anaconda grabs you. The anaconda bites you!
You die...

#..###.............##......>..#
#....##..........###......#....#
####..###.........##...........#
#.# #.....#....#...........#
..#.....##......†.........#
#.....###...............#
.....## ##..............# .....
##S.............# ...
#@..............#
#...............#
#..............####
#..............#..#
.............. #.#.
...............##.#.
................N.)..
............ ....N... ..≈PP≈..


You could see an anaconda.

Vanquished Creatures
  A stone giant (Orc:2)
  The ghost of Monsterracer the Basher, a journeyman HuWz of Hepliaklqana (Lair:6)
  2 entropy weavers (Lair:6)
  An ettin (Orc:1)
  A vault guard (D:13)
  3 naga warriors
  3 anacondas (Snake:1)
  7 hydras
  3 centaur warriors (D:14)
  3 death yaks (Lair:5)
  6 two-headed ogres
  A queen ant (Lair:6)
  A tengu warrior (D:13)
  An orc high priest (Orc:2)
  3 naga sharpshooters (Snake:2)
  2 shock serpents
  The ghost of Miyamura the Covered, a novice BaFi (D:7)
  4 sea snakes (Snake:2)
  3 unseen horrors (D:14)
  2 wizards
  Pikel (D:6)
  2 naga ritualists (Snake:2)
  4 necromancers
  The ghost of Mgcat the Skirmisher, a novice DsCK of Xom (D:5)
  2 mana vipers (Snake:1)
  7 ugly things (D:14)
  2 orc sorcerers (Orc:2)
  2 salamanders (Snake:1)
  3 manticores
  A cyclops (D:15)
  A centaur skeleton (D:14)
  Psyche (D:11)
  11 black mambas
  Maurice (D:9)
  5 naga magi
  A gargoyle (D:10)
  An ice statue (IceCv)
  12 spiny frogs
  5 komodo dragons
  5 rime drakes
  10 freezing wraiths (IceCv)
  2 tengu conjurers (D:13)
  A jumping spider (shapeshifter) (D:8)
  4 polar bears (Lair:6)
  5 trolls
  A wolf spider simulacrum (IceCv)
  7 hornets
  3 meliai (D:13)
  12 hippogriffs
  3 slime creatures (D:13)
  6 dream sheep (Lair:6)
  4 blink frogs
  A shadow (D:11)
  16 spriggans
  19 humans (D:13)
  A wraith (D:14)
  2 wyverns
  3 basilisks
  19 yaks
  4 vampire mosquitoes (D:12)
  A death yak simulacrum (IceCv)
  A steam dragon (D:8)
  2 hungry ghosts
  Edmund (D:6)
  11 nagas
  2 wargs (Orc:2)
  Menkaure (D:6)
  25 soldier ants
  11 water moccasins
  Duvessa (D:4)
  23 orc warriors
  10 porcupines
  10 ice beasts
  2 sky beasts
  A slave (D:6)
  4 phantoms
  4 black bears
  8 centaurs
  An eye of draining (D:12)
  20 wolves
  12 ogres
  3 boggarts (Lair:6)
  9 crocodiles
  A big kobold (D:11)
  20 bullfrogs
  A gnoll sergeant (D:2)
  Dowan (D:4)
  A wyvern skeleton (D:11)
  3 scorpions
  3 killer bees (D:13)
  9 wights
  2 howler monkeys
  A lava snake (Lair:4)
  2 electric eels (Lair:4)
  6 crimson imps
  2 bullfrog zombies
  10 hounds
  3 draconian simulacra (IceCv)
  15 orc priests
  5 jellies
  15 orc wizards
  4 bullfrog skeletons
  A gnoll shaman (D:3)
  3 iguanas
  Terence (D:3)
  4 spriggan simulacra (IceCv)
  7 hell rats (Lair:5)
  22 worker ants
  3 troll simulacra (IceCv)
  A polar bear simulacrum (IceCv)
  A wolf simulacrum (IceCv)
  A killer bee zombie (D:10)
  6 centaur simulacra (IceCv)
  A hound zombie (D:11)
  2 hound skeletons
  A worker ant zombie (D:5)
  54 gnolls
  2 howler monkey skeletons
  12 adders
  4 naga simulacra (IceCv)
  11 river rats
  12 white imps (IceCv)
  3 adder skeletons
  2 worms (D:3)
  A dart slug (D:1)
  5 leopard geckos
  64 orcs
  7 bats
  5 giant cockroaches
  7 goblins
  10 hobgoblins
  22 jackals
  3 quokkas
  7 ball pythons
  4 frilled lizards
  27 kobolds
  22 rats
  A fire vortex (Lair:4)
846 creatures vanquished.

Vanquished Creatures (collateral kills)
  An orc (D:11)
1 creature vanquished.

Vanquished Creatures (others)
  A bullfrog (D:6)
  An adder (D:6)
  5 fungi
  5 plants
12 creatures vanquished.

Grand Total: 859 creatures vanquished

Notes
Turn   | Place    | Note
-------+----------+-------------------------------------------
     0 | D:1      | Monsterracer the Felid Ice Elementalist began the quest for the Orb.
     0 | D:1      | Reached XP level 1. HP: 7/7 MP: 4/4
   406 | D:1      | Reached XP level 2. HP: 8/11 MP: 3/6
   416 | D:1      | HP: 4/11 [hobgoblin (4)]
   460 | D:1      | Learned a level 2 spell: Throw Frost
   772 | D:1      | Found a sparkling altar of Nemelex Xobeh.
  1408 | D:2      | Reached XP level 3. HP: 14/14 MP: 1/7
  1413 | D:2      | Learned a level 3 spell: Ozocubu's Armour
  1472 | D:2      | Found a burning altar of Makhleb.
  1574 | D:2      | Found a snail-covered altar of Cheibriados.
  1607 | D:2      | Found a sacrificial altar of Ru.
  1619 | D:2      | Reached XP level 4. HP: 13/18 MP: 2/9
  1949 | D:3      | Found a radiant altar of Vehumet.
  1953 | D:3      | Became a worshipper of Vehumet
  2085 | D:3      | Found a deep blue altar of Sif Muna.
  2114 | D:3      | Found a glowing golden altar of the Shining One.
  2237 | D:3      | Found a glowing drain.
  2367 | Sewer    | Entered a sewer
  2538 | Sewer    | Reached XP level 5. HP: 21/21 MP: 6/10
  2575 | Sewer    | Learned a level 4 spell: Throw Icicle
  2620 | Sewer    | Reached skill level 1 in Conjurations
  2678 | Sewer    | Reached * piety under Vehumet
  2678 | Sewer    | Offered knowledge of Sting by Vehumet.
  3159 | Sewer    | Reached ** piety under Vehumet
  3159 | Sewer    | Offered knowledge of Sandblast by Vehumet.
  3162 | Sewer    | Reached skill level 5 in Ice Magic
  3639 | D:3      | Gained mutation: You are covered in thick fur. (AC +2) [Felid growth]
  3639 | D:3      | Reached XP level 6. HP: 23/24 MP: 9/12
  3682 | D:3      | HP: 11/24 [gnoll sergeant/spear (3)]
  3688 | D:3      | HP: 1/24 [gnoll sergeant/spear (7)]
  3690 | D:2      | Slain by a gnoll sergeant
  3691 | D:2      | Reached XP level 5. HP: -2/21 MP: 6/11
  3832 | D:3      | HP: 9/21 [gnoll/flail (8)]
  3951 | D:3      | Reached XP level 6. HP: 20/24 MP: 7/12
  4473 | D:3      | Offered knowledge of Searing Ray by Vehumet.
  4478 | D:3      | Learned a level 2 spell: Searing Ray
  4479 | D:3      | Noticed Terence
  4979 | D:3      | Reached *** piety under Vehumet
  5537 | D:3      | Killed Terence
  5537 | D:3      | Reached XP level 7. HP: 27/27 MP: 0/14
  5820 | D:3      | Offered knowledge of Olgreb's Toxic Radiance by Vehumet.
  5869 | D:3      | HP: 10/27 [gnoll/flail (7)]
  6735 | D:4      | Reached **** piety under Vehumet
  6823 | D:4      | Noticed Duvessa
  6823 | D:4      | Noticed Dowan
  6827 | D:4      | HP: 13/27 [Duvessa/rapier (9)]
  6831 | D:4      | HP: 3/27 [Duvessa/rapier (5)]
  6832 | D:4      | Killed Duvessa
  6832 | D:4      | Offered knowledge of Conjure Flame by Vehumet.
  6840 | D:4      | Killed Dowan
  6840 | D:4      | Reached XP level 8. HP: 29/31 MP: 0/15
  7291 | D:4      | Found a shattered altar of Ashenzari.
  7730 | D:5      | Entered Level 5 of the Dungeon
  7860 | D:5      | HP: 14/31 [bullfrog skeleton (2)]
  8371 | D:5      | Noticed Mgcat's ghost (novice DsCK)
  8419 | D:5      | HP: 10/31 [Mgcat's ghost (10)]
  8516 | D:5      | Killed Mgcat's ghost
  8516 | D:5      | Reached skill level 5 in Spellcasting
  8516 | D:5      | Reached skill level 5 in Conjurations
  8851 | D:5      | Reached skill level 5 in Stealth
  8866 | D:5      | Learned a level 3 spell: Conjure Flame
  9410 | D:5      | Reached skill level 5 in Dodging
  9410 | D:5      | Reached XP level 9. HP: 34/34 MP: 1/17
  9680 | D:6      | Noticed Edmund
  9710 | D:6      | Found a staircase to the Ecumenical Temple.
  9854 | D:6      | HP: 16/34 [Edmund/flail of crushing (6)]
  9877 | D:6      | Killed Edmund
 10024 | D:6      | Reached ***** piety under Vehumet
 10129 | D:6      | Learned a level 2 spell: Blink
 10262 | D:6      | Noticed Pikel
 10272 | D:6      | HP: 16/34 [Pikel/whip of freezing (2)]
 10291 | D:6      | Killed Pikel
 10291 | D:6      | Reached skill level 1 in Charms
 10291 | D:6      | Reached skill level 1 in Fire Magic
 10581 | D:6      | Noticed Menkaure
 10587 | D:6      | Killed Menkaure
 10767 | D:6      | Found a sparkling altar of Nemelex Xobeh.
 10853 | D:6      | Offered knowledge of Irradiate by Vehumet.
 11573 | D:7      | Learned a level 2 spell: Swiftness
 11712 | D:7      | Noticed Miyamura's ghost (novice BaFi)
 11735 | D:7      | HP: 13/34 [Miyamura's ghost (8)]
 11738 | D:7      | Killed Miyamura's ghost
 11738 | D:7      | Reached XP level 10. HP: 14/37 MP: 3/20
 12073 | D:7      | Identified Sif Muna's Compendium of Translocation and Transmutation
 12269 | D:8      | Found a staircase to the Lair.
 12271 | D:8      | Found an opulent altar of Gozag.
 12296 | D:8      | HP: 18/37 [something/ball of steam (19)]
 12621 | D:8      | Noticed an unseen horror
 12621 | D:8      | Noticed a two-headed ogre
 13017 | D:8      | Killed a two-headed ogre
 13151 | D:8      | Noticed a manticore
 13511 | D:9      | Noticed Maurice
 13531 | D:9      | Killed Maurice
 13632 | D:9      | Noticed a two-headed ogre
 13647 | D:9      | Killed a two-headed ogre
 13817 | D:9      | Learned a level 3 spell: Mephitic Cloud
 14078 | D:9      | HP: 12/37 [troll (11)]
 14090 | D:9      | Reached XP level 11. HP: 14/40 MP: 19/21
 14325 | D:9      | Found an ornate altar of the Wu Jian Council.
 14611 | D:10     | Entered Level 10 of the Dungeon
 14815 | Lair:1   | Entered Level 1 of the Lair of Beasts
 14956 | Lair:1   | Found a frozen archway.
 14966 | Lair:1   | Reached skill level 5 in Charms
 14991 | Lair:1   | Reached skill level 1 in Fighting
 15045 | IceCv    | Entered an ice cave
 15057 | IceCv    | HP: 6/42 [death yak simulacrum (17)]
 15058 | IceCv    | Slain by a death yak simulacrum
 15059 | IceCv    | Reached XP level 10. HP: -2/39 MP: 19/21
 15063 | IceCv    | Found an ancient bone altar of Kikubaaqudgha.
 15104 | IceCv    | Noticed an ice statue
 15180 | IceCv    | HP: 18/39 [something] (10)]
 15241 | IceCv    | HP: 13/39 [white imp/puff of frost (4)]
 15651 | IceCv    | Noticed a necromancer
 15681 | IceCv    | Killed a necromancer
 15881 | IceCv    | HP: 18/40 [freezing wraith (7)]
 15882 | IceCv    | HP: 4/40 [freezing wraith (7)]
 16268 | IceCv    | HP: 17/40 [something] (5)]
 16717 | IceCv    | HP: 18/40 [ice beast[an ice statue] (5)]
 17161 | IceCv    | Killed an ice statue
 17602 | IceCv    | Reached XP level 11. HP: 44/44 MP: 3/22
 19196 | Lair:1   | Found a shadowy altar of Dithmenos.
 19462 | Lair:2   | HP: 21/45 [rime drake (6)]
 19463 | Lair:2   | HP: 4/45 [rime drake/flash freeze (17)]
 19634 | Lair:2   | Learned a level 5 spell: Irradiate
 19664 | Lair:2   | Reached skill level 1 in Air Magic
 19868 | Lair:2   | Noticed a seven-headed hydra
 20000 | Lair:2   | Killed a seven-headed hydra
 20045 | Lair:2   | Reached skill level 1 in Transmutations
 20143 | Lair:2   | Reached skill level 10 in Stealth
 20661 | Lair:3   | Found a staircase to the Snake Pit.
 20690 | Lair:3   | Found a staircase to the Shoals.
 20805 | Lair:3   | Found a burning altar of Makhleb.
 21431 | Lair:4   | Gained mutation: Your thick and shaggy fur keeps you warm. (AC +3, rC+) [Felid growth]
 21431 | Lair:4   | Reached XP level 12. HP: 49/49 MP: 22/24
 21678 | Lair:4   | Noticed a four-headed hydra
 21683 | Lair:4   | Killed a four-headed hydra
 21683 | Lair:4   | Reached skill level 10 in Conjurations
 22683 | Lair:5   | Noticed a six-headed hydra
 22708 | Lair:5   | Reached skill level 10 in Dodging
 22819 | Lair:5   | Noticed a death yak
 22825 | Lair:5   | Noticed a death yak
 22826 | Lair:5   | Noticed a death yak
 22837 | Lair:5   | Killed a death yak
 22837 | Lair:5   | Reached skill level 1 in Translocations
 22999 | Lair:5   | Killed a six-headed hydra
 23282 | Lair:5   | Killed a death yak
 23282 | Lair:5   | Reached skill level 5 in Fighting
 23292 | Lair:5   | Killed a death yak
 23292 | Lair:5   | Reached skill level 10 in Ice Magic
 23826 | Lair:5   | Found a staircase to the Slime Pits.
 23908 | Lair:6   | Entered Level 6 of the Lair of Beasts
 24021 | Lair:6   | Noticed an eight-headed hydra
 24137 | Lair:6   | Killed an eight-headed hydra
 24175 | Lair:6   | Noticed Monsterracer's ghost (journeyman HuWz)
 24179 | Lair:6   | Killed Monsterracer's ghost
 24240 | Lair:6   | Reached XP level 13. HP: 54/54 MP: 18/26
 24449 | Lair:6   | Noticed an entropy weaver
 24536 | Lair:6   | Killed an entropy weaver
 24694 | Lair:6   | Offered knowledge of Ozocubu's Refrigeration by Vehumet.
 24825 | Lair:6   | Noticed an entropy weaver
 24831 | Lair:6   | HP: 26/55 [entropy weaver/whip (7)]
 24834 | Lair:6   | HP: 12/55 [poisoned by a soldier ant]
 24841 | Lair:6   | HP: 11/55 [poisoned by a soldier ant]
 24846 | Lair:6   | HP: 11/55 [poisoned by a soldier ant]
 24851 | Lair:6   | HP: 10/55 [poisoned by a soldier ant]
 24856 | Lair:6   | HP: 10/55 [poisoned by a soldier ant]
 24872 | Lair:6   | Killed an entropy weaver
 25029 | Lair:6   | Reached skill level 5 in Transmutations
 25182 | Lair:5   | HP: 27/55 [poisoned by a soldier ant]
 25188 | Lair:5   | HP: 25/55 [poisoned by a soldier ant]
 25194 | Lair:5   | HP: 23/55 [poisoned by a soldier ant]
 25200 | Lair:5   | HP: 22/55 [poisoned by a soldier ant]
 25207 | Lair:5   | HP: 21/55 [poisoned by a soldier ant]
 25758 | Lair:6   | HP: 24/55 [hornet (13)]
 25764 | Lair:6   | HP: 11/55 [poisoned by a hornet]
 25764 | Lair:6   | HP: 4/55 [spriggan/dagger (7)]
 25772 | Lair:6   | HP: 3/55 [poisoned by a hornet]
 25777 | Lair:6   | HP: 3/55 [poisoned by a hornet]
 25790 | Lair:6   | HP: 24/55 [wolf (9)]
 25795 | Lair:6   | HP: 13/55 [wolf (4)]
 25808 | Lair:6   | HP: 6/55 [spriggan/dagger (6)]
 26170 | Lair:6   | HP: 27/55 [spriggan/rapier (12)]
 26221 | Lair:6   | HP: 25/55 [spriggan/short sword (8)]
 26230 | Lair:6   | Learned a level 3 spell: Regeneration
 26429 | Lair:6   | Offered knowledge of Spellforged Servitor by Vehumet.
 26556 | Lair:6   | Reached skill level 5 in Air Magic
 27786 | D:10     | Learned a level 3 spell: Regeneration
 28708 | D:11     | Offered knowledge of Yara's Violent Unravelling by Vehumet.
 28892 | D:11     | Reached XP level 14. HP: 60/60 MP: 18/28
 28961 | D:11     | Found a staircase to the Orcish Mines.
 29440 | D:11     | Noticed Psyche
 29446 | D:11     | Killed Psyche
 29801 | D:12     | Found a hide-covered altar of Uskayaw.
 30555 | Orc:1    | Entered Level 1 of the Orcish Mines
 30978 | Orc:2    | Entered Level 2 of the Orcish Mines
 31098 | Orc:2    | Found a roughly hewn altar of Beogh.
 31161 | Orc:2    | Found Juetiu's Antique Weapon Shoppe.
 31209 | Orc:2    | Found a roughly hewn altar of Beogh.
 31240 | Orc:2    | Noticed a stone giant
 31245 | Orc:2    | Killed a stone giant
 31331 | Orc:2    | Found a staircase to the Elven Halls.
 31336 | Orc:2    | Found Everrono's Magic Scroll Shoppe.
 31349 | Orc:2    | Bought a scroll of teleportation for 33 gold pieces
 31349 | Orc:2    | Bought a scroll of teleportation for 33 gold pieces
 31507 | Orc:2    | Found a roughly hewn altar of Beogh.
 31758 | Orc:2    | Found a roughly hewn altar of Beogh.
 31889 | Orc:2    | Offered knowledge of Bolt of Cold by Vehumet.
 32004 | Orc:2    | Noticed Saint Roka
 32196 | Orc:2    | HP: 29/61 [Saint Roka/divine providence (12)]
 32367 | Orc:2    | HP: 29/61 [Saint Roka/divine providence (17)]
 32546 | Orc:2    | HP: 24/61 [Saint Roka/divine providence (14)]
 32548 | Orc:2    | HP: 10/61 [Saint Roka/divine providence (14)]
 32556 | Orc:2    | HP: 4/61 [Saint Roka/divine providence (13)]
 33611 | D:13     | HP: 26/61 [meliai/divine providence (14)]
 33614 | D:13     | HP: 10/61 [meliai/divine providence (11)]
 33615 | D:13     | Killed from afar by a meliai
 33616 | D:13     | Reached XP level 13. HP: -2/57 MP: 14/27
 33861 | D:13     | Reached skill level 10 in Spellcasting
 34118 | D:13     | HP: 15/58 [vault guard/great mace (20)]
 34379 | D:13     | Found a gate to the Vaults.
 34486 | D:13     | Found Enocot's Blood Bar.
 35127 | D:14     | Reached XP level 14. HP: 57/61 MP: 5/29
 35130 | D:14     | Reached ****** piety under Vehumet
 35138 | D:14     | Learned a level 6 spell: Bolt of Cold
 35287 | D:14     | HP: 30/61 [centaur warrior (5)]
 35289 | D:14     | Offered knowledge of Poison Arrow by Vehumet.
 35507 | D:14     | HP: 23/61 [centaur warrior/arrow (18)]
 35518 | D:14     | HP: 19/62 [centaur warrior/arrow (7)]
 35958 | D:14     | Identified a scroll of acquirement
 36193 | D:15     | Entered Level 15 of the Dungeon
 36424 | D:15     | HP: 26/62 [yaktaur/bolt (15)]
 36854 | Snake:1  | Entered Level 1 of the Snake Pit
 37251 | Snake:1  | HP: 26/63 [anaconda (19)]
 37719 | Snake:2  | Noticed a nagaraja
 37859 | Snake:2  | HP: 30/63 [poisoned by a naga warrior (splash of poison)]
 37864 | Snake:2  | HP: 23/63 [poisoned by a naga warrior (splash of poison)]
 37869 | Snake:1  | HP: 16/63 [poisoned by a naga warrior (splash of poison)]
 37874 | Snake:1  | HP: 12/63 [poisoned by a naga warrior (splash of poison)]
 37879 | Snake:1  | HP: 10/63 [poisoned by a naga warrior (splash of poison)]
 37884 | Snake:1  | HP: 8/63 [poisoned by a naga warrior (splash of poison)]
 37890 | Snake:1  | HP: 7/63 [poisoned by a naga warrior (splash of poison)]
 37898 | Snake:1  | HP: 7/63 [poisoned by a naga warrior (splash of poison)]
 37903 | Snake:1  | HP: 9/63 [poisoned by a naga warrior (splash of poison)]
 38273 | Snake:2  | HP: 27/63 [naga sharpshooter/arrow (15)]
 38282 | Snake:2  | HP: 26/63 [poisoned by a naga sharpshooter (splash of poison)]
 38289 | Snake:2  | HP: 26/63 [poisoned by a naga sharpshooter (splash of poison)]
 38295 | Snake:2  | HP: 26/63 [poisoned by a naga sharpshooter (splash of poison)]
 38411 | Snake:2  | HP: 30/63 [shock serpent/electric aura (9)]
 38411 | Snake:2  | HP: 8/63 [shock serpent (14)]
 38412 | Snake:2  | Killed from afar by a shock serpent
 38413 | Snake:2  | Reached XP level 13. HP: -5/59 MP: 14/29
 38440 | Snake:2  | HP: 29/59 [poisoned by a naga mage (poison arrow)]
 38447 | Snake:2  | HP: 28/59 [poisoned by a naga mage (poison arrow)]
 38454 | Snake:2  | HP: 27/59 [poisoned by a naga mage (poison arrow)]
 38462 | Snake:2  | HP: 27/59 [poisoned by a naga mage (poison arrow)]
 38602 | Snake:2  | HP: 29/59 [poisoned by a black mamba]
 38607 | Snake:2  | HP: 26/59 [poisoned by a black mamba]
 38612 | Snake:2  | HP: 24/59 [poisoned by a black mamba]
 38617 | Snake:2  | HP: 23/59 [poisoned by a black mamba]
 38624 | Snake:2  | HP: 22/59 [poisoned by a black mamba]
 38632 | Snake:2  | HP: 22/59 [poisoned by a black mamba]
 39167 | Snake:2  | HP: 28/59 [anaconda (3)]
 39176 | Snake:2  | HP: 28/59 [anaconda (2)]
 39178 | Snake:2  | HP: 13/59 [anaconda (3)]
 39184 | Snake:2  | HP: 7/59 [anaconda (2)]
 39187 | Snake:2  | HP: 3/59 [anaconda (3)]
 39189 | Snake:2  | Mangled by an anaconda

Skill      XL: |  1  2  3  4  5  6  7  8  9 10 11 12 13 14 |
---------------+-------------------------------------------+-----
Ice Magic      | 3 4 5 6 7 8 9 10 | 10.1
Spellcasting   | 3 4 5 6 7 8 10 11 | 11.1
Conjurations   | 2 3 4 5 6 7 9 10 11 13 | 13.3
Stealth        | 3 5 6 9 10 12 | 12.6
Dodging        | 3 5 6 7 9 10 11 13 | 13.1
Charms         | 3 4 5 7 |  7.5
Fire Magic     | 2 3 |  3.0
Fighting       | 2 4 5 6 8 |  8.6
Air Magic      | 2 3 5 |  5.0
Transmutations | 2 4 5 |  5.0
Translocations | 3 4 |  4.0

Action                   |  1- 3 |  4- 6 |  7- 9 | 10-12 | 13-15 || total
-------------------------+-------+-------+-------+-------+-------++-------
Melee: Unarmed           |    16 |    33 |    43 |    49 |    32 ||   173
       Bite              |     1 |     2 |     2 |     4 |     1 ||    10
 Cast: Freeze            |    29 |   142 |   103 |   150 |   309 ||   733
       Throw Frost       |     4 |    46 |     8 |     2 |       ||    60
       Ozocubu's Armour  |       |     2 |     6 |    11 |    35 ||    54
       Searing Ray       |       |    18 |    62 |   174 |    43 ||   297
       Throw Icicle      |       |       |    10 |   153 |   618 ||   781
       Conjure Flame     |       |       |     9 |    47 |    17 ||    73
       Blink             |       |       |     1 |     3 |     4 ||     8
       Swiftness         |       |       |       |     5 |     5 ||    10
       Mephitic Cloud    |       |       |       |     7 |     9 ||    16
       Irradiate         |       |       |       |     2 |     5 ||     7
       Bolt of Cold      |       |       |       |       |    30 ||    30
       Regeneration      |       |       |       |       |    20 ||    20
Evoke: Wand              |       |       |       |       |     1 ||     1
  Use: Scroll            |       |     9 |     5 |    11 |    14 ||    39
       Potion            |       |       |     1 |     2 |     2 ||     5
 Stab: Sleeping          |     6 |     5 |     2 |     2 |     1 ||    16
       Distracted        |     1 |       |       |       |       ||     1
       Invisible         |       |     2 |       |       |       ||     2
       Paralysed         |       |     2 |       |       |       ||     2
       Confused          |       |       |       |     2 |     2 ||     4
  Eat: Chunk             |     9 |    14 |    14 |    41 |    60 ||   138
       Ration            |       |       |       |     2 |     1 ||     3
Armor: Skin              |     1 |     7 |    20 |    41 |    49 ||   118
Dodge: Dodged            |    29 |   113 |   174 |   334 |   549 ||  1199

Vault maps used:
D:1:      lemuel_arrival_hallway, nemelex_diamond_rough_becter
D:2:      cheibriados_altar_1, nicolae_ru_great_annihilating_truth,
          nicolae_overflow_crystal_walls
D:3:      lemuel_castle_with_subvaults, tso_oasis_becter, marbit_many_paths,
          led_sif_book, portal_sewer_entry_a, uniq_terence
D:4:      kennysheep_mini_moat, first_ration, uniq_duvessa
D:5:      minmay_stone_trees_medium
D:6:      nemelex_altar_shiori, temple_statues, minmay_misc_feat_alley,
          kennysheep_generic_room_13, uniq_pikel, uniq_edmund, uniq_menkaure
D:7:      the_bakery
D:8:      nicolae_gozag_seed_capital, lair_entry_dummy, minmay_radiant
D:9:      kennysheep_little_box, uniq_maurice
D:11:     david_orc_2, uniq_psyche
D:12:     serial_column_ruins, column_ruins_square_small,
          column_ruins_columns_plus, column_ruins_grid_3,
          column_ruins_columns_straight, column_ruins_columns_straight,
          column_ruins_open_medium, grunt_ministairs_1, lemuel_statue_altar
D:13:     grunt_vaults_entry_tiered, small_statue_intersection,
          guppyfry_shop_blood
D:14:     minmay_misc_feat_rows, library_closet
D:15:     grunt_enter_depths_hoard, hangedman_glass_teeth
Lair:1:   portal_ice_cave_rime, basic_altar, serial_bayou_pond_a
Lair:2:   pond, serial_bayou_shore_b
Lair:3:   minmay_shoals_entry_beasts, dummy_snake_entry, basic_altar
Lair:4:   grunt_megastairs_1, infiniplex_staircase_pool
Lair:5:   dpeg_slime_entry_corner, grunt_megastairs_3
Lair:6:   minmay_lair_end_enchanted_forest, minivault_29, grunt_megastairs_5
Snake:2:  st_stairs_14, serial_bayou_shore_a, uniq_saint_roka
Orc:2:    grunt_orc_community_town_hall, grunt_orc_community_big_house_2,
          grunt_orc_community_big_house_1, grunt_orc_community_house_3,
          grunt_orc_community_house_1, grunt_orc_community_house_3,
          grunt_orc_community_house_3, grunt_orc_community_house_3,
          grunt_orc_community_house_1, serial_shops, shop_statue, basic_altar
Sewer:    sewer_minmay_treatment
IceCv:    ice_cave_small_necro
